 Dungeon Crawl Stone Soup version 0.19.5 (webtiles) character file.

1613 McKennaii the Zephyrmancer (level 8, 0/48 HPs)
             Began as a High Elf Air Elementalist on Apr 24, 2017.
             Was a Follower of Sif Muna.
             Slain by an ogre
             ... wielding a +0 giant spiked club
              (18 damage)
             ... on level 6 of the Dungeon.
             The game lasted 00:16:50 (4909 turns).

McKennaii the Zephyrmancer (HEAE)                   Turns: 4909, Time: 00:16:51

Health: 0/48       AC:  6    Str:  8 (9)  XL:     8   Next: 64%
Magic:  16/19      EV: 13    Int: 18 (20) God:    Sif Muna [*.....]
Gold:   419        SH:  0    Dex: 17      Spells: 3 memorised, 15 levels left

rFire  . . .     SeeInvis .     H - staff of conjuration
rCold  + . .     Gourm    .     a - +1 robe
rNeg   . . .     Faith    .     (no shield)
rPois  .         Spirit   .     (no helmet)
rElec  .         Reflect  .     e - +0 cloak
rCorr  +         Harm     .     t - +0 pair of gloves
MR     .....                    p - +0 pair of boots
Stlth  +++.......               C - amulet of regeneration
                                h - ring of resist corrosion
                                d - +2 ring of strength

@: no status effects
A: cold resistance 1, deterioration 1, sense surroundings 1
a: Divine Energy, Renounce Religion


You were on level 6 of the Dungeon.
You worshipped Sif Muna.
Sif Muna was aware of your devotion.
You were hungry.

You visited 2 branches of the dungeon, and saw 8 of its levels.

You collected 419 gold pieces.

Inventory:

Armour
 a - a +1 robe (worn)
 e - a +0 cloak (worn)
 p - a +0 pair of boots (worn)
 t - a +0 pair of gloves (worn)
Magical Staves
 H - an uncursed staff of conjuration (weapon)
Jewellery
 d - a +2 ring of strength (left hand)
 h - a ring of resist corrosion (right hand)
 q - an uncursed ring of protection from cold
 C - an amulet of regeneration (around neck)
Wands
 r - a wand of acid (9/15)
 B - a wand of lightning (9/15)
 E - a wand of digging (14/24)
Scrolls
 c - 2 scrolls of magic mapping
 i - 4 scrolls of identify
 k - a scroll of teleportation
 n - a scroll of remove curse
 v - 4 scrolls of amnesia {unknown}
 x - a scroll of noise {unknown}
 y - 2 scrolls of random uselessness {unknown}
 F - a scroll of blinking {unknown}
 G - a scroll of enchant armour
Potions
 j - 5 potions of haste
 l - a potion of magic
 s - a potion of lignification {unknown}
 u - a potion of cancellation {unknown}
 z - a potion of curing {unknown}
 A - a potion of heal wounds {unknown}
 D - a potion of flight {unknown}
Books
 b - a book of Air

   Spells                             Type                      Level
   a - Shock                          Conjuration/Air              1
   b - Swiftness                      Charms/Air                   2
   c - Repel Missiles                 Charms/Air                   2
   d - Static Discharge               Conjuration/Air              3
   e - Lightning Bolt                 Conjuration/Air              5
Comestibles
 f - 2 slices of pizza
 g - 4 fruits
 m - 2 beef jerkies
 o - 2 bread rations
 w - 2 meat rations


   Skills:
 + Level 1.2 Fighting
 + Level 3.1 Dodging
 + Level 3.8 Stealth
 + Level 6.9 Spellcasting
 + Level 6.2 Conjurations
 + Level 8.2 Air Magic


You had 15 spell levels left.
You knew the following spells:

 Your Spells              Type           Power        Failure   Level  Hunger
a - Shock                 Conj/Air       ####         1%          1    None
b - Swiftness             Chrm/Air       ###.....     3%          2    None
c - Repel Missiles        Chrm/Air       ###...       3%          2    None


Dungeon Overview and Level Annotations

Branches:
Dungeon (7/15)             Temple (1/1) D:5

Altars:
Ashenzari
Cheibriados
Dithmenos
Elyvilon
Fedhas
Gozag
Hepliaklqana
Kikubaaqudgha
Makhleb
Nemelex Xobeh
Okawaru
Qazlal
Ru
Sif Muna
Trog
Uskayaw
Vehumet
Xom
Yredelemnul
Zin
The Shining One

Shops:
D:4 }=


Innate Abilities, Weirdness & Mutations

Your flesh is cold resistant. (rC+)
Your body sometimes deteriorates upon taking damage.
You passively map a small area around you.


Message History

The ogre hits you with a giant spiked club.
* * * LOW HITPOINT WARNING * * *
Casting: Shock
Confirm with . or Enter, or press ? or * to list all spells.
Aiming: Shock
Press: ? - help, Shift-Dir - straight line You feel a surge of power!
The zap hits the ogre.
The ogre is heavily wounded.
Your surroundings suddenly seem different.
The human shouts!
Casting: Shock
Confirm with . or Enter, or press ? or * to list all spells.
Aiming: Shock
Press: ? - help, Shift-Dir - straight line You feel a surge of power!
The zap hits the ogre.
The ogre is severely wounded.
The zap hits the ogre.
The ogre is severely wounded.
The ogre hits you with a giant spiked club!!
You die...

##.##..........#.........# #.#
)...........############## #.#
...)........# #.#
..))........### #.#
..............########## #.#
.#.(...................####
#.#
.#.####...#..p##.....#.##.#
#.# ...# #####....O.....#.##.#
#.# ...# ##.###@....#.##<# #.#
.oO# #.#.......#.##.# #.# po>#
#.##......#.##.# #.# ####
#.#.......#.##.# #.#
#########.#.#.....#.##.####.##
#...................#.........
#.#######.#.#############.#.##
#.#...)...#........# #.###
#.#.##############'## #.#


You could see a human and an ogre.

Vanquished Creatures
  2 orc warriors
  An ogre (D:6)
  A phantom (D:7)
  4 centaurs
  A big kobold (D:5)
  2 bullfrogs (D:6)
  A gnoll sergeant (D:5)
  3 scorpions
  The ghost of frotz the Firebug, a weakling DrFE (D:3)
  A hound (D:5)
  2 bullfrog skeletons (D:5)
  Crazy Yiuf (D:5)
  2 orc priests (D:6)
  A worker ant (D:4)
  4 orc wizards
  A hound zombie (D:6)
  A hound skeleton (D:4)
  3 gnolls (D:5)
  5 adders
  A shadow imp (D:6)
  An adder zombie (D:5)
  2 adder skeletons
  A worm (D:6)
  3 leopard geckos (D:5)
  17 orcs
  3 ball pythons
  6 giant cockroaches
  4 hobgoblins
  4 jackals (D:3)
  3 quokkas
  A bat (D:3)
  4 frilled lizards
  4 goblins
  12 kobolds
  4 rats
  2 bushes (D:5)
  3 plants (D:5)
112 creatures vanquished.

Notes
Turn   | Place    | Note
-------+----------+-------------------------------------------
     0 | D:1      | McKennaii the High Elf Air Elementalist began the quest for the Orb.
     0 | D:1      | Reached XP level 1. HP: 11/11 MP: 4/4
   537 | D:2      | Reached skill level 4 in Air Magic
   537 | D:2      | Reached XP level 2. HP: 17/17 MP: 2/6
   553 | D:2      | Learned a level 2 spell: Swiftness
   556 | D:2      | Learned a level 2 spell: Repel Missiles
   638 | D:2      | Found a burning altar of Makhleb.
   675 | D:2      | Found an opulent altar of Gozag.
   676 | D:2      | Found a snail-covered altar of Cheibriados.
   970 | D:2      | Reached XP level 3. HP: 21/21 MP: 1/8
  1227 | D:3      | Gained mutation: Your flesh is cold resistant. (rC+) [potion of mutation]
  1227 | D:3      | Gained mutation: You passively map a small area around you. [potion of mutation]
  1227 | D:3      | Gained mutation: Your body sometimes deteriorates upon taking damage. [potion of mutation]
  1247 | D:3      | Noticed frotz's ghost (weakling DrFE)
  1447 | D:3      | Killed frotz's ghost
  1447 | D:3      | Reached XP level 4. HP: 17/27 MP: 0/10
  1663 | D:4      | Found Tydiv's Gadget Shoppe.
  1830 | D:4      | Found Rebiul's Jewellery Boutique.
  2016 | D:4      | Reached skill level 5 in Air Magic
  2180 | D:4      | You fall through a shaft for 2 floors!
  2208 | D:6      | Reached XP level 5. HP: 23/31 MP: 5/11
  2308 | D:6      | Noticed an ogre
  2321 | D:6      | Killed an ogre
  2321 | D:6      | Reached XP level 6. HP: 15/37 MP: 5/13
  2494 | D:6      | Reached skill level 5 in Spellcasting
  2511 | D:5      | Entered Level 5 of the Dungeon
  2712 | D:5      | Reached skill level 6 in Air Magic
  2712 | D:5      | Reached XP level 7. HP: 42/42 MP: 12/15
  2829 | D:5      | Reached skill level 5 in Conjurations
  2863 | D:5      | Reached skill level 1 in Fighting
  3010 | D:5      | Found a staircase to the Ecumenical Temple.
  3027 | Temple   | Entered the Ecumenical Temple
  3118 | Temple   | Became a worshipper of Sif Muna the Loreminder
  3181 | D:5      | Reached skill level 7 in Air Magic
  3223 | D:5      | Found a runed door.
  3227 | D:5      | Noticed Crazy Yiuf
  3231 | D:5      | Killed Crazy Yiuf
  3322 | D:5      | Reached XP level 8. HP: 48/48 MP: 6/18
  3999 | D:4      | Found a sparkling altar of Nemelex Xobeh.
  4325 | D:6      | Found an iron altar of Okawaru.
  4793 | D:7      | Reached * piety under Sif Muna
  4793 | D:7      | Reached skill level 8 in Air Magic
  4909 | D:6      | Slain by an ogre

Skill      XL: |  1  2  3  4  5  6  7  8 |
---------------+-------------------------+-----
Air Magic      | 4 5 6 7 8 |  8.2
Spellcasting   | 3 4 5 6 |  6.9
Conjurations   | 2 3 4 5 6 |  6.2
Stealth        | 3 |  3.8
Fighting       | 1 |  1.2
Dodging        | 3 |  3.1

Action                   |  1- 3 |  4- 6 |  7- 9 || total
-------------------------+-------+-------+-------++-------
Melee: Unarmed           |       |       |     3 ||     3
 Cast: Shock             |    83 |    71 |   182 ||   336
       Repel Missiles    |     1 |       |       ||     1
  Use: Potion            |     6 |       |       ||     6
       Scroll            |     4 |     1 |     1 ||     6
  Eat: Bread ration      |     1 |       |       ||     1
       Royal jelly       |       |     1 |       ||     1
       Meat ration       |       |       |     1 ||     1
Armor: Robe              |     3 |     3 |    15 ||    21
Dodge: Dodged            |    14 |    13 |    43 ||    70
       Deflected         |     1 |     1 |     4 ||     6
